 Dungeon Crawl Stone Soup version 0.30-a0-5-g3a90980b9d (webtiles) character file.

Game seed: 6914340200590787288

680 Ijustatesigmund the Firebug (level 7, -12/52 HPs)
             Began as a Hill Orc Fire Elementalist on Aug 22, 2022.
             Mangled by Menkaure (24 damage)
             ... on level 5 of the Dungeon.
             The game lasted 00:09:22 (5391 turns).

Ijustatesigmund the Firebug (HOFE)                  Turns: 5391, Time: 00:09:22

Health: -12/52     AC:  3    Str: 11    XL:     7   Next: 60%
Magic:  11/11      EV: 11    Int: 22    God:
Gold:   27         SH:  0    Dex: 14    Spells: 9/12 levels left

rFire   . . .      SeeInvis .    e - +3 hand axe of Anger {vorpal, rPois Int+5 Dex+3}
rCold   . . .      Faith    .    (no shield)
rNeg    . . .      Spirit   .    c - +0 leather armour
rPois   +          Reflect  .    (no helmet)
rElec   .          Harm     .    (no cloak)
rCorr   .          Rampage  .    (no gloves)
Will    .....                    (no boots)
Stlth   ++........               (no amulet)
HPRegen 0.17/turn                (no ring)
MPRegen 0.12/turn                (no ring)

@: hasted, very quick
A: no striking features
a: no special abilities


You were on level 5 of the Dungeon.
You visited 1 branch of the dungeon, and saw 5 of its levels.

You collected 177 gold pieces.
You spent 150 gold pieces at shops.

Inventory:

Hand Weapons
 e - the +3 hand axe of Anger (weapon) {vorpal, rPois Int+5 Dex+3}
   (You found it on level 2 of the Dungeon)

   It inflicts extra damage upon your enemies.
   Int:       It affects your intelligence (+5).
   Dex:       It affects your dexterity (+3).
   rPois:     It protects you from poison.
Armour
 c - a +0 leather armour (worn)
Wands
 r - a wand of acid (8)
Scrolls
 f - a scroll of enchant weapon
 g - a scroll of fear
 h - a scroll of teleportation {unknown}
 j - 2 scrolls of torment {unknown}
 k - a scroll of enchant armour {unknown}
 l - a scroll of blinking {unknown}
 m - a scroll of amnesia {unknown}
 n - 2 scrolls of magic mapping {unknown}
 p - a scroll of butterflies {unknown}
Potions
 b - a potion of magic
 d - 3 potions of cancellation
 o - a potion of mutation {unknown}
 q - a potion of brilliance


   Skills:
 + Level 1.4 Fighting
 + Level 4.5 Axes
 - Level 3.9 Armour
 - Level 1.5 Dodging
 - Level 1.5 Stealth
 - Level 3.3 Spellcasting
 - Level 2.0 Conjurations
 - Level 5.3 Fire Magic


You had 9 spell levels left.
You knew the following spells:

 Your Spells              Type           Power      Damage    Failure   Level
a - Foxfire               Conj/Fire      80%        2x1d8     3%          1
b - Scorch                Fire           54%        2d8       2%          2

Your spell library contained the following spells:

 Spells                   Type           Power      Damage    Failure   Level
 Conjure Flame            Conj/Fire      20%        6-21      10%         3
 Apportation              Tloc           6%         N/A       16%         1
 Freeze                   Ice            12%        1d4       16%         1
 Inner Flame              Hex/Fire       15%        N/A       16%         3
 Flame Wave               Conj/Fire      20%        2d7       32%         4
 Frozen Ramparts          Ice            6%         1d1       43%         3
 Hailstorm                Conj/Ice       8%         3d4       69%         4
 Alistair's Intoxication  Tmut/Pois      2%         N/A       99%         5


Dungeon Overview and Level Annotations

Branches:
Dungeon (5/15)
 Temple: D:4-7

Altars:
Elyvilon
Gozag
Ru
Xom

Shops:
D:2 *   D:4 *

Annotations:
D:2 Sigmund
D:5 Menkaure


Message History

There is a stone staircase leading up here.
Found a stone staircase leading down.
A centaur comes into view.
The centaur shouts!
You hear a shout!
The centaur wields a +0 shortbow.
The centaur shoots an arrow.
The arrow hits you!
The centaur shoots an arrow.
The arrow hits you.
You hear a shout!
The centaur shoots an arrow.
The arrow hits you but does no damage.
The centaur unwields a +0 shortbow.
The centaur completely misses you. The centaur kicks you.
Menkaure, Prince of Dust comes into view.
The centaur barely misses you.
The centaur kicks you but does no damage.
You slash the centaur!
The centaur is heavily wounded.
The centaur hits you. The centaur kicks you.
You slash the centaur!
The centaur is almost dead.
The centaur closely misses you. The centaur misses you.
Menkaure calls on the powers of darkness!
Your body is wracked with pain!
* * * LOW HITPOINT WARNING * * *
The centaur barely misses you.
The centaur kicks you but does no damage.
Okay, then.
You hit the centaur.
You kill the centaur!
Menkaure gestures at you while chanting.
Pain shoots through your body!
* * * LOW HITPOINT WARNING * * *
Your Fighting skill increases to level 1!
You feel better.
Menkaure casts a spell.
Menkaure seems to speed up.
Menkaure hits you!
* * * LOW HITPOINT WARNING * * *
You see here a +0 shortbow.
It was a potion of haste.
You feel yourself speed up. Menkaure hits you!!
You die...

...... ... ..... ...
.... #.# ... #.# #.#
## #.# #.#######M#
#.# ####.......@# #.#
#......?.......#
#.####.#####.####.###
#.<.......##.# .#
######.......# .#
#..####.# .. #....
... .. ##..>.#.# ..#
....#


You could see Menkaure (fast).

Vanquished Creatures
  A centaur (D:5)
  3 phantoms (D:4)
  2 bullfrog zombies (D:4)
  An orc priest (D:3)
  A centaur skeleton (D:4)
  Jessica (D:2)
  A scorpion zombie (D:4)
  2 orc wizards
  A hound zombie (D:4)
  A howler monkey zombie (D:4)
  2 adders
  2 adder skeletons (D:4)
  3 adder zombies (D:4)
  6 worms
  A dart slug (D:1)
  14 orcs
  4 endoplasms
  4 giant cockroaches
  3 hobgoblins
  3 jackals (D:1)
  4 kobolds
  4 quokkas
  A ball python (D:3)
  4 bats
  5 frilled lizards
  3 goblins
  5 rats
82 creatures vanquished.

Vanquished Creatures (others)
  43 foxfires
  3 fungi (D:3)
  8 plants (D:3)
  4 withered plants (D:4)
58 creatures vanquished.

Grand Total: 140 creatures vanquished

Notes
Turn   | Place    | Note
-------+----------+-------------------------------------------
     0 | D:1      | Ijustatesigmund the Hill Orc Fire Elementalist began the
                  | quest for the Orb.
     0 | D:1      | Reached XP level 1. HP: 14/14 MP: 3/3
   376 | D:1      | Reached XP level 2. HP: 2/20 MP: 0/4
  1009 | D:1      | Reached skill level 1 in Armour
  1555 | D:2      | Noticed Jessica
  1559 | D:2      | Killed Jessica
  1560 | D:2      | Reached XP level 3. HP: 26/26 MP: 2/6
  1802 | D:2      | Reached XP level 4. HP: 22/33 MP: 7/7
  1930 | D:2      | Found a shimmering altar of Xom.
  1961 | D:2      | Learned a level 2 spell: Scorch
  2011 | D:2      | Found Qav Weqe's General Store.
  2023 | D:2      | Bought a potion of curing for 36 gold pieces
  2023 | D:2      | Bought a scroll of identify for 24 gold pieces
  2062 | D:2      | Identified the +3 hand axe of Anger {vorpal, rPois Int+5
                  | Dex+3}
  2163 | D:2      | Reached skill level 4 in Fire Magic
  2328 | D:2      | Noticed Sigmund
  2714 | D:3      | Found an opulent altar of Gozag.
  2748 | D:3      | Reached skill level 1 in Axes
  2756 | D:3      | Reached XP level 5. HP: 15/38 MP: 6/8
  3058 | D:3      | Found a white marble altar of Elyvilon.
  3362 | D:3      | Found a sacrificial altar of Ru.
  4020 | D:3      | Found a faded altar of an unknown god.
  4548 | D:4      | Noticed a phantom
  4548 | D:4      | Noticed a phantom
  4553 | D:4      | Noticed a phantom
  4577 | D:4      | Killed a phantom
  4578 | D:4      | Reached XP level 6. HP: 43/45 MP: 8/10
  4584 | D:4      | Reached skill level 5 in Fire Magic
  4597 | D:4      | Reached XP level 7. HP: 45/50 MP: 11/11
  4859 | D:4      | Found Vashropem's Assorted Antiques.
  5060 | D:4      | Bought a scroll labelled HIGUPR LYMEXTI for 30 gold pieces
  5060 | D:4      | Bought a scroll labelled HEAWNA CETUMMI for 30 gold pieces
  5060 | D:4      | Bought a scroll labelled EGAICK SIFRAER for 30 gold pieces
  5368 | D:5      | Entered Level 5 of the Dungeon
  5385 | D:5      | Noticed Menkaure
  5389 | D:5      | Reached skill level 1 in Fighting
  5391 | D:5      | Mangled by Menkaure

Illustrated notes

Levels and vault maps discovered:
D:1:      dpeg_arrival_boxes_within_box, layout_loops_ring,
          chequers_decorated_corner
D:2:      minmay_evil_eye, layout_basic, serial_shops,
          nicolae_shop_hallway_stairs, basic_altar, minivault_14,
          minmay_door_square, uniq_sigmund, uniq_jessica
D:3:      layout_loops_ring, elyvilon_altar_3, overflow_temple_1_default,
          nicolae_ru_the_path_less_chosen, ebering_ecumenical_altar_abandoned
D:4:      layout_cave_pools, serial_undead, serial_undead_f, serial_undead_e,
          serial_undead_a, serial_undead_e, serial_undead_b, serial_undead_b,
          serial_undead_e, serial_shops, shop, nicolae_underground_beach
D:5:      layout_loops_cross, mainiacjoe_overflow_24_doors,
          lemuel_temple_firewalk_a, dreamdust_princess_corridor, uniq_menkaure,
          uniq_pikel

Skill      XL: |  1  2  3  4  5  6  7 |
---------------+----------------------+-----
Armour         | 1 2 3 |  3.9
Spellcasting   | 2 3 |  3.3
Conjurations   | 2 |  2.0
Fire Magic     | 4 5 |  5.3
Axes           | 1 2 3 4 |  4.5
Fighting       | 1 |  1.4
Dodging        | |  1.5
Stealth        | |  1.5

Action                   |  1- 3 |  4- 6 |  7- 9 || total
-------------------------+-------+-------+-------++-------
Melee: Short sword       |     7 |       |       ||     7
       Spear             |    22 |       |       ||    22
       Trident           |    14 |    17 |       ||    31
       Punch             |     2 |     3 |     3 ||     8
       Hand axe          |       |   113 |    56 ||   169
 Cast: Foxfire           |    28 |       |       ||    28
       Scorch            |       |    12 |     2 ||    14
  Use: Scroll            |       |     4 |       ||     4
       Potion            |       |     6 |     3 ||     9
 Stab: Sleeping          |     1 |     2 |       ||     3
       Distracted        |       |       |     1 ||     1
Armor: Robe              |    13 |     4 |       ||    17
       Leather armour    |       |    35 |    19 ||    54
       Skin              |       |    92 |     2 ||    94
Dodge: Dodged            |    32 |   115 |    38 ||   185

Table legend: (Time is in decaauts)
 A = Elapsed time spent in this place.
 B = Non-inter-level travel time spent in this place.
 C = Inter-level travel time spent in this place.
 D = Time resting spent in this place.
 E = Time spent auto-exploring this place.
 F = Levels seen in this place.
 G = Mean time per level.
                   A        B        C        D        E       F      G
               +--------+--------+--------+--------+--------+-----+--------+
         Total |   5440 |   5277 |    163 |   1533 |   2999 |   5 | 1088.0 |
       Dungeon |   5440 |   5277 |    163 |   1533 |   2999 |   5 | 1088.0 |
               +--------+--------+--------+--------+--------+-----+--------+

Top non-repeatable levels by time:
     D:3: 2198 daAuts
     D:1: 1427 daAuts
     D:2: 941 daAuts
     D:4: 849 daAuts
     D:5: 23 daAuts
